 Dungeon Crawl Stone Soup version 0.31-a0-516-gfcb59812bd (webtiles) character file.

Game seed: 10544978095544131508

616 GordonOverkill the Sneak (level 7, 0/35 HPs)
             Began as a Vine Stalker Delver on Aug 10, 2023.
             Succumbed to an orc wizard's poison
             ... on level 5 of the Dungeon.
             The game lasted 00:07:17 (3878 turns).

GordonOverkill the Sneak (Vine Stalker Delver)      Turns: 3878, Time: 00:07:18

Health: 0/35       AC:  7    Str: 17    XL:     7   Next: 45%
Magic:  8/8        EV: 11    Int: 10    God:
Gold:   131        SH:  0    Dex: 15    Spells: 6/6 levels left

rFire   + . .        m - +2 whip (drain)
rCold   . . .        (no shield)
rNeg    . . .        B - +0 ring mail
rPois   .            (no helmet)
rElec   .            x - +0 cloak
rCorr   +            (no gloves)
SInv    .            f - +0 pair of boots
Will    .....        (no amulet)
Stlth   +++          e - ring of protection from fire
HPRegen 1.05/turn    b - ring of resist corrosion
MPRegen 0.11/turn

%: guardian spirit
@: lethally poisoned (0 -> -6)
A: fangs 2, regeneration 1, magic shield, antimagic bite, no potion heal 2
a: no special abilities


You were on level 5 of the Dungeon.
You visited 1 branch of the dungeon, and saw 6 of its levels.

You collected 227 gold pieces.
You spent 96 gold pieces at shops.

Inventory:

Hand Weapons
 a - a +0 hand axe
 m - a +2 whip of draining (weapon)
Armour
 f - a +0 pair of boots (worn)
 x - a +0 cloak (worn)
 B - a +0 ring mail (worn)
Jewellery
 b - a ring of resist corrosion (right hand)
 e - a ring of protection from fire (left hand)
 l - an amulet of faith
Wands
 g - a wand of digging (3)
 k - a wand of iceblast (5)
Scrolls
 c - a scroll of fog
 d - 2 scrolls of revelation
 h - a scroll of torment {unknown}
 j - 4 scrolls of fear
 o - a scroll of poison
 q - a scroll of vulnerability {unknown}
 v - a scroll of noise {unknown}
 y - a scroll of identify
 A - a scroll of enchant weapon {unknown}
Potions
 i - a potion of brilliance
 n - 2 potions of lignification {unknown}
 p - a potion of haste
 r - 2 potions of heal wounds {unknown}
 s - a potion of berserk rage
 t - 2 potions of curing {unknown}
 u - 2 potions of mutation {unknown}
 z - a potion of enlightenment {unknown}


   Skills:
 - Level 2.6 Fighting
 + Level 6.0 Axes
 - Level 1.5 Dodging
 - Level 6.0 Stealth
 - Level 4.0 Evocations


You had 6 spell levels left.
You didn't know any spells.
Your spell library contained the following spells:

 Spells                   Type           Power      Damage    Failure   Level
 Necrotise                Necr           0%         1d4       56%         1
 Vampiric Draining        Necr           0%         2d6       91%         3
 Agony                    Necr           0%         N/A       100%        5


Dungeon Overview and Level Annotations

Branches:
Dungeon (6/15)
 Temple: D:4-7

Altars:
Gozag
Kikubaaqudgha

Shops:
D:2 !

Annotations:
D:5 1 runed translucent door, GordonOverkill's ghost, weakling VSDe; Prince Ribbit


Innate Abilities, Weirdness & Mutations

You have extremely sharp teeth.
Your natural rate of healing is unusually fast.
When hurt, damage is shared between your health and your magic reserves.
Your bite disrupts and absorbs the magic of your enemies.
Potions cannot restore your health.


Message History

The orc wizard hits you with the +3 trident "Killer Bee's Regret" {spect, Drain rF- Will+ Dex+6}.
The +3 trident "Killer Bee's Regret" {spect, Drain rF- Will+ Dex+6} hits you from afar.
Something hits you.
You are more poisoned.
You are too injured to fight recklessly!
You are too injured to fight recklessly!
You are too injured to fight recklessly!
You are too injured to fight recklessly!
You barely miss the orc wizard. You bite the orc wizard.
The orc wizard's magic leaks into the air.
You drain its magic.
You feel invigorated.
The orc wizard is severely wounded.
You feel very sick.
The +3 trident "Killer Bee's Regret" {spect, Drain rF- Will+ Dex+6} hits you!
* * * LOW HITPOINT WARNING * * *
The orc wizard falters for a moment.
Something hits you but does no damage.
You whack the orc wizard!
You kill the orc wizard!
The +3 trident "Killer Bee's Regret" {spect, Drain rF- Will+ Dex+6} disappears.
You feel very sick.
Training target 4.0 for Evocations reached!
Your Axes skill increases to level 6!
Your Evocations skill increases to level 4!
You closely miss something.
You feel very sick. Something hits you.
* * * LOW HITPOINT WARNING * * *
You miss something. Your bite misses something.
You feel sick.
You hear some strange, mumbled words.
A magic dart appears from out of thin air!
The magic dart hits you but does no damage.
You miss something.
You feel sick.
You hear some strange, mumbled words.
A magic dart appears from out of thin air!
The magic dart hits you.
You hit something.
You feel sick. Something hits you.
* * * LOW HITPOINT WARNING * * *
You are lethally poisoned!
Magic courses through your body.
You die...

#.# #)# #)# #.# #.#
##### #.# ...# #.#
##.#####)########.#
......{@..........#
.....###.####.##..######
##. #.# #.###......#
#..##.####.#........#
#...................
####'####'#.###.....
#... .....# #...##
#.........# #...##
#.........# #...#.


There were no monsters in sight!

Vanquished Creatures
  An ogre (D:5)
  Blork the orc (D:4)
  A bullfrog (D:5)
  A scorpion (D:5)
  An orc priest (D:5)
  2 hounds (D:5)
  2 orc wizards (D:5)
  10 river rats (D:5)
  An ufetubus (D:6)
  A worm (D:3)
  A dart slug (D:3)
  12 orcs
  7 ball pythons
  8 endoplasms
  A giant cockroach (D:2)
  7 goblins
  6 hobgoblins
  4 jackals (D:1)
  9 quokkas
  4 bats
  4 frilled lizards
  5 kobolds
  21 rats
110 creatures vanquished.

Notes
Turn   | Place    | Note
-------+----------+-------------------------------------------
     0 | D:5      | GordonOverkill the Vine Stalker Delver began the quest for
                  | the Orb.
     0 | D:5      | Reached XP level 1. HP: 11/11 MP: 2/2
    18 | D:6      | Noticed an iguana
    58 | D:5      | Noticed Prince Ribbit
    81 | D:5      | Found an opulent altar of Gozag.
   108 | D:5      | Noticed a hound
   123 | D:5      | Killed a hound
   124 | D:5      | Reached XP level 2. HP: 15/16 MP: 3/3
   124 | D:5      | Reached XP level 3. HP: 18/19 MP: 4/4
   737 | D:2      | Found a faded altar of an unknown god.
   863 | D:1      | Gained mutation: Your natural rate of healing is unusually
                  | fast. [Vine Stalker growth]
   863 | D:1      | Reached XP level 4. HP: 23/23 MP: 5/5
  2006 | D:2      | Found Uwunwar's Distillery.
  2009 | D:2      | Bought a potion of magic for 96 gold pieces
  3013 | D:4      | Noticed Blork the orc
  3017 | D:4      | Killed Blork the orc
  3018 | D:4      | Reached skill level 1 in Evocations
  3018 | D:4      | Reached XP level 5. HP: 27/27 MP: 6/6
  3414 | D:5      | Reached skill level 5 in Axes
  3414 | D:5      | Reached XP level 6. HP: 32/32 MP: 7/7
  3442 | D:5      | Found an ancient bone altar of Kikubaaqudgha.
  3448 | D:5      | Found a runed translucent door.
  3454 | D:5      | Noticed GordonOverkill's ghost (weakling VSDe)
  3622 | D:5      | Reached XP level 7. HP: 33/35 MP: 6/8
  3869 | D:5      | Identified the +3 trident "Killer Bee's Regret" {spect,
                  | Drain rF- Will+ Dex+6}
  3878 | D:5      | Succumbed to an orc wizard's poison

Illustrated notes

Levels and vault maps discovered:
D:1:      psy_arrival_radial02, layout_basic
D:2:      layout_loops_ring, serial_shops, nicolae_shop_real_fake_doors,
          shapermc_ecumenical_altar_hornbeckon
D:3:      layout_loops_corners
D:4:      layout_basic, uniq_blork_the_orc
D:5:      lemuel_ratsnest, layout_basic, nicolae_gozag_seed_capital,
          kennysheep_little_box, ebering_ghost_sewer_d, serial_bayou_ford_a,
          uniq_prince_ribbit1
D:6:      layout_loops_ring, serial_shops, nicolae_shop_waterfront,
          minmay_misc_feat_columns, minmay_shop_damaged

Skill      XL: |  1  2  3  4  5  6  7 |
---------------+----------------------+-----
Axes           | 3 4 5 6 |  6.0
Evocations     | 1 2 3 4 |  4.0
Fighting       | |  2.6
Dodging        | |  1.5
Stealth        | |  6.0

Action                     |  1- 3 |  4- 6 |  7- 9 || total
---------------------------+-------+-------+-------++-------
  Melee: Hand axe          |    50 |    17 |       ||    67
         Bite              |    11 |    24 |    15 ||    50
         Whip              |       |   141 |    73 ||   214
         Punch             |       |     1 |     1 ||     2
  Evoke: Wand              |       |     3 |       ||     3
    Use: Potion            |     1 |       |     1 ||     2
         Scroll            |     1 |     3 |       ||     4
   Stab: Sleeping          |     4 |    14 |       ||    18
 Armour: Leather armour    |    16 |    14 |       ||    30
         Ring mail         |       |    14 |    19 ||    33
  Dodge: Dodged            |    32 |    83 |    28 ||   143

Table legend: (Time is in decaauts)
 A = Elapsed time spent in this place.
 B = Non-inter-level travel time spent in this place.
 C = Inter-level travel time spent in this place.
 D = Time resting spent in this place.
 E = Time spent auto-exploring this place.
 F = Levels seen in this place.
 G = Mean time per level.
                   A        B        C        D        E       F      G
               +--------+--------+--------+--------+--------+-----+--------+
         Total |   3873 |   3501 |    372 |    210 |   2028 |   6 |  645.5 |
       Dungeon |   3873 |   3501 |    372 |    210 |   2028 |   6 |  645.5 |
               +--------+--------+--------+--------+--------+-----+--------+

Top non-repeatable levels by time:
     D:3: 1198 daAuts
     D:2: 768 daAuts
     D:1: 705 daAuts
     D:5: 697 daAuts
     D:4: 471 daAuts
     D:6: 31 daAuts
